 Dungeon Sprint DCSS version 0.28.0-43-g3370ac3207 (webtiles) character file.

Game seed: 9592024438385049052

87 Groucho the Covert (level 4, 0/28 (31) HPs)
             Began as a Spriggan Enchanter on Mar 27, 2022.
             Slain by a necrophage (7 damage)
             ... in the Dungeon (Sprint II: "The Violet Keep of Menkaure").
             The game lasted 00:00:34 (19 turns).

Groucho the Covert (Spriggan Enchanter)               Turns: 19, Time: 00:00:35

HP:   0/28 (31)     AC:  2    Str:  6    XL:     4   Next: 28%
MP:   6/12          EV: 17    Int: 16    God:
Gold: 0             SH:  0    Dex: 15    Spells: 14/14 levels left

rFire   . . .      SeeInvis +   a - +1 dagger
rCold   . . .      Faith    .   (no shield)
rNeg    . . .      Spirit   .   b - +0 robe
rPois   .          Reflect  .   (helmet restricted)
rElec   .          Harm     .   (no cloak)
rCorr   .          Rampage  .   (gloves unavailable)
Will    .....      NoTele   +   (boots unavailable)
Stlth   ..........              (no amulet)
HPRegen 0.09/turn               (no ring)
MPRegen 0.13/turn               (no ring)

@: berserking, drained, very quick
A: very small, no large weapons, unfitting armour, see invisible, speed 3
a: no special abilities


You were in the Dungeon.
You visited 1 branch

Inventory:

Hand Weapons
 a - a +1 dagger (weapon)
Armour
 b - a +0 robe (worn)
Scrolls
 i - a scroll of blinking
Potions
 c - a potion of invisibility
 d - a potion of curing
 e - a potion of heal wounds
 f - a potion of haste
 g - 2 potions of magic


   Skills:
 - Level 1.1 Short Blades
 - Level 2.6 Dodging
 * Level 10.3 Stealth
 + Level 5.7 Spellcasting
 + Level 6.2 Hexes


You had 14 spell levels left.
You didn't know any spells.
Your spell library contained the following spells:

 Spells                   Type           Power      Damage    Failure   Level
 Confusing Touch          Hex            24%        N/A       3%          3
 Tukima's Dance           Hex            24%        N/A       3%          3
 Ensorcelled Hibernation  Hex/Ice        28%        N/A       6%          2
 Dazzling Flash           Conj/Hex       28%        N/A       12%         3


Dungeon Overview and Level Annotations

Branches:
Dungeon (1/1)

Altars:


Innate Abilities, Weirdness & Mutations

You are very small and have problems with some larger weapons.
You are too small for most types of armour.
You have supernaturally acute eyesight. (SInv)
You cover ground extremely quickly. (Speed+++)


Message History

A red film seems to cover your vision as you go berserk!
You feel yourself moving faster!
You feel mighty!
You completely miss the necrophage. The necrophage closely misses you.
You puncture the necrophage!
The necrophage is moderately damaged.
You hit the necrophage.
The necrophage is moderately damaged.
The necrophage misses you.
You puncture the necrophage!
The necrophage is severely damaged.
You completely miss the necrophage.
The necrophage is severely damaged.
The necrophage hits you!
Ouch! That really hurt!
You feel drained.
* * * LOW HITPOINT WARNING * * *
You are too injured to fight recklessly!
You are too injured to fight recklessly!
You puncture the necrophage!
You destroy the necrophage!
Your life force feels restored.
Your Stealth skill gained 6 levels and is now at level 10!
Your Spellcasting skill gained 3 levels and is now at level 5!
Your Hexes skill gained 3 levels and is now at level 6!
You have reached level 2!
You have reached level 3!
Your experience leads to an increase in your attributes!
Increase (S)trength, (I)ntelligence, or (D)exterity?
You feel stronger. x2
You have reached level 4!
Unknown command.
You barely miss the necrophage. You barely miss the necrophage.
The necrophage hits you.
* * * LOW HITPOINT WARNING * * *
You feel drained.
Unknown command.
You hit the necrophage.
The necrophage is moderately damaged.
The necrophage hits you!
You die...

## ## ##.
.## ..#m. #
.$. # #3
#+# .##
#.##.##nn.#
#+.<@n#
###.##...#
#+# .## #


You could see 3 necrophages.

Vanquished Creatures
  A necrophage (D)
1 creature vanquished.

Notes
Turn   | Place    | Note
-------+----------+-------------------------------------------
     0 | D        | Groucho the Spriggan Enchanter began the quest for the Orb.
     0 | D        | Reached XP level 1. HP: 9/9 MP: 5/5
     1 | D        | Noticed a neqoxec
     5 | D        | Noticed a merfolk siren
     9 | D        | Noticed a necrophage
     9 | D        | Noticed a necrophage
     9 | D        | Noticed a necrophage
     9 | D        | Noticed a necrophage
    16 | D        | Killed a necrophage
    17 | D        | Reached skill level 10 in Stealth
    17 | D        | Reached skill level 5 in Spellcasting
    17 | D        | Reached XP level 2. HP: 5/13 MP: 5/9
    17 | D        | Reached XP level 3. HP: 6/16 MP: 6/11
    17 | D        | Reached XP level 4. HP: 8/21 MP: 6/12
    19 | D        | Slain by a necrophage

Illustrated notes

Levels and vault maps discovered:
D:        the_violet_keep_of_menkaure [sprint2_stairs_cluster_1,
          sprint2_shoproom, sprint2_temple, sprint2_basic_supplies,
          sprint2_obstacle_2, sprint2_obstacle_3, sprint2_obstacle_1,
          sprint2_obstacle_5, sprint2_obstacle_4, sprint2_timed_cluster_1,
          sprint2_smallroom_cluster_1, sprint2_smallroom_final_cluster_1,
          sprint2_transparent_cluster_1, sprint2_second_timed_cluster_1,
          sprint2_sniper_area_1, sprint2_heavy_combat_area_1,
          sprint2_mutation_trap_area_1, sprint2_forest_area_1,
          sprint2_light_combat_area_1, sprint2_behind_water_1,
          sprint2_near_end_vault_1]

Skill      XL: |  1 |
---------------+----+-----
Stealth        | 10 | 10.3
Spellcasting   | 5 |  5.7
Hexes          | 6 |  6.2
Short Blades   | |  1.1
Dodging        | |  2.6

Action                   |  1- 3 |  4- 6 || total
-------------------------+-------+-------++-------
Melee: Dagger            |     6 |     3 ||     9
  Use: Potion            |     1 |       ||     1
Dodge: Dodged            |     2 |       ||     2
